 Dungeon Crawl Stone Soup version 0.21.0-3-g78d12a8 (webtiles) character file.

253042 mopl the Bludgeoner (level 20, 0/137 HPs)
             Began as a Gargoyle Berserker on Jan 8, 2018.
             Was a High Priest of Trog.
             Killed by divine providence
             ... invoked by a smoke demon
              (13 damage)
             ... in the Vestibule of Hell.
             The game lasted 01:18:34 (33247 turns).

mopl the Bludgeoner (Gargoyle Berserker)           Turns: 33247, Time: 01:18:35

Health: 0/137      AC: 41    Str: 32    XL:     20   Next: 49%
Magic:  0/22       EV: 17    Int: 11    God:    Trog [*****.]
Gold:   2405       SH:  0    Dex: 15    Spells: 19/19 levels left

rFire    . . .     SeeInvis +   a - +7 dire flail "Vatt" {flame, rPois Str+4 Int+2}
rCold    . . .     Gourm    .   (shield currently unavailable)
rNeg     + + +     Faith    .   f - +0 shadow dragon scales
rPois    ∞         Spirit   +   E - +2 helmet
rElec    +         Reflect  .   T - scarf {Spirit}
rCorr    .         Harm     .   g - +0 pair of gloves
MR       +++..                  Y - +0 pair of boots
Stlth    +.........             (no amulet)
HPRegen  0.32/turn              I - ring of Viapuw {*Contam rN+++ MR++ EV+1 Stlth-, =R}
MPRegen  0.18/turn              D - ring of see invisible

@: mighty, flying, hasted (expiring), very quick
A: big wings, negative energy resistance 1, electricity resistance, unbreathing,
petrification resistance, rot immunity, AC +15
a: Stop Flying, Berserk, Trog's Hand, Brothers in Arms, Burn Spellbooks,
Renounce Religion


You were in the Vestibule of Hell.
You worshipped Trog.
Trog was extremely pleased with you.
You were not hungry.

You visited 3 branches of the dungeon, and saw 21 of its levels.

You collected 2405 gold pieces.

Inventory:

Hand Weapons
 a - the +7 dire flail "Vatt" (weapon) {flame, rPois Str+4 Int+2}
   (Trog gifted it to you on level 11 of the Dungeon)

   It has been specially enchanted to burn those struck by it, causing extra
   injury to most foes and up to half again as much damage against particularly
   susceptible opponents.
   It affects your strength (+4).
   It affects your intelligence (+2).
   It protects you from poison.
 b - a +3 antimagic great mace
 B - a +0 blowgun
 K - a +0 demon whip of flaming
Missiles
 n - 3 needles of paralysis
 u - 14 poisoned javelins (quivered)
 y - 5 steel javelins
 G - 6 tomahawks of dispersal
 L - 21 curare-tipped needles
 M - 8 exploding tomahawks
 P - 2 throwing nets
 U - 6 silver tomahawks
 Z - 17 needles of confusion
Armour
 f - +0 shadow dragon scales (worn)
 g - a +0 pair of gloves (worn)
 E - a +2 helmet (worn)
 T - a scarf of spirit shield (worn)
 Y - a +0 pair of boots (worn)
Jewellery
 A - an uncursed ring of resist corrosion
 C - the ring "Irphaed" {+Fly rC+}
   (You took it off a wight on level 7 of the Dungeon)

   [ring of flight]

   It protects you from cold.
   It lets you fly.
 D - a ring of see invisible (right hand)
 F - a +6 ring of protection
 I - the ring of Viapuw (left hand) {*Contam rN+++ MR++ EV+1 Stlth-, =R}
   (You found it on level 7 of the Dungeon)

   [ring of evasion]

   It affects your evasion (+1).
   It renders you almost immune to negative energy.
   It affects your resistance to hostile enchantments.
   It causes magical contamination when unequipped.
   It makes you less stealthy.
 J - the ring of the Mackerel {rElec rF+ rN+ Str+4}
   (You took it off a gnoll on level 7 of the Dungeon)

   [ring of positive energy]

   It affects your strength (+4).
   It protects you from fire.
   It insulates you from electricity.
   It protects you from negative energy.
Wands
 e - a wand of paralysis (16)
 i - a wand of digging (13)
 t - a wand of acid (15)
 N - a wand of polymorph (32)
 X - a wand of iceblast (7)
Scrolls
 h - 5 scrolls of fear
 j - 4 scrolls of teleportation
 l - 2 scrolls of magic mapping
 q - 8 scrolls of enchant armour
 w - 2 scrolls of fog
 x - 4 scrolls of remove curse
 O - 2 scrolls of enchant weapon
 R - 9 scrolls of immolation
 S - a scroll of vulnerability
Potions
 d - 17 potions of curing
 p - a potion of haste
 r - 3 potions of lignification {!q}
 v - 2 potions of cancellation
 W - a potion of agility
Miscellaneous
 k - a fan of gales
 s - a lightning rod (4/4)
 z - a phial of floods
 Q - a box of beasts
Comestibles
 c - 22 rations


   Skills:
 * Level 18.8 Fighting
 * Level 19.3 Maces & Flails
 + Level 11.7 Throwing
 * Level 18.6 Armour
 + Level 9.8 Dodging
 + Level 3.3 Evocations


You had 19 spell levels left.
You didn't know any spells.

Dungeon Overview and Level Annotations

Branches:
Dungeon (15/15)            Temple (0/1) D:7            Lair (0/6) D:8
    Orc (0/2) D:10         Vaults (0/5) D:14         Depths (5/5) D:15
   Hell (1/1)                 Zot (0/5) Depths:5
    Dis: Hell:1         Geh: Hell:1         Coc: Hell:1         Tar: Hell:1

Altars:
Cheibriados
Dithmenos
Gozag
Hepliaklqana
Kikubaaqudgha
Nemelex Xobeh
Okawaru
Sif Muna
Trog
Uskayaw
Wu Jian
Xom
Yredelemnul
The Shining One
Lugonu

Shops:
D:14 (   Depths:1 %   Depths:5 }=}

Portals:
Hell: Depths:1 Depths:2 Depths:3 Depths:4 Depths:5
Abyss: Depths:3 Depths:4
Pandemonium: Depths:1 Depths:3
Ziggurat: Depths:4

Annotations:
D:3 1 runed door
D:8 exclusion: downstairs
D:10 exclusion: downstairs
Hell Geryon


Innate Abilities, Weirdness & Mutations

You are resistant to torment.
Your stone body is resilient. (AC +15)
You are immune to poison.
Your large and strong wings let you fly indefinitely.
You resist negative energy. (rN+)
You are resistant to electric shocks. (rElec)
You can survive without breathing.
You are immune to petrification.
You are immune to rotting.


Message History

Press: ? - help, Shift-Dir - straight line, f - smoke demon
Aim: a smoke demon You throw a poisoned javelin.
The poisoned javelin completely misses the smoke demon.
Unknown command.
Throwing (i - inventory. (,) - cycle):
u - 16 poisoned javelins (quivered)
Press: ? - help, Shift-Dir - straight line, f/p - smoke demon
Aim: a smoke demon You throw a poisoned javelin.
The poisoned javelin closely misses the smoke demon.
Unknown command.
Throwing (i - inventory. (,) - cycle):
u - 15 poisoned javelins (quivered)
Press: ? - help, Shift-Dir - straight line, f/p - smoke demon
Aim: a smoke demon You throw a poisoned javelin.
The poisoned javelin hits the smoke demon!
The smoke demon is moderately wounded.
The smoke demon gestures at you. Something smites you!
You die...

##. ##..
#...§ ...3§
### # .....E
≈.# ## #..
#...###≈.#
.## #..#
#.§§#@..#
..##..#
#..≈≈.).#
......#
##(..(..#
......#
.^.......#
2.44..
...##.3.(..#
32##.. ..
..≈≈≈..# .##
# #.≈≈2≈≈.#
## .(≈((h≈.#
# ..§§§.§≈§#


You could see a hell beast, a smoke demon and a hell hound.

Vanquished Creatures
  Boris (Depths:5)
  Margery (Depths:5)
  2 greater mummies (Depths:1)
  3 caustic shrikes
  2 golden dragons
  2 bone dragons (Depths:4)
  5 tentacled monstrosities
  A titan (Depths:5)
  A quicksilver dragon (Depths:3)
  4 sphinxes
  2 shadow dragons
  6 tengu reavers
  3 storm dragons
  4 fire giants
  9 frost giants
  A draconian monk (Depths:5)
  A draconian shifter (Depths:5)
  A spriggan defender (Depths:5)
  2 reapers
  11 stone giants
  10 very ugly things
  2 yellow draconians (Depths:5)
  5 vampire knights
  A green draconian (Depths:5)
  Azrael (D:14)
  A red draconian (Depths:5)
  A white draconian (Depths:5)
  6 spark wasps
  A merfolk javelineer (Depths:4)
  5 mummy priests
  7 ettins
  13 fire dragons
  A blizzard demon (Depths:1)
  2 jiangshi (Depths:3)
  4 great orbs of eyes
  3 yaktaur captains
  2 hell beasts
  A caustic shrike simulacrum (Depths:3)
  6 rakshasas
  5 spriggan air magi
  13 ice dragons
  4 hydras
  A death knight (D:6)
  12 two-headed ogres
  An anaconda (shapeshifter) (Depths:5)
  3 centaur warriors
  6 ogre magi
  4 dancing weapons
  12 deep troll earth magi
  11 deep troll shamans
  A titan zombie (Depths:2)
  2 vampire magi
  14 spriggan berserkers
  A soul eater (Hell)
  19 hell knights
  3 sun demons
  3 iron trolls
  4 glowing orange brains
  19 deep trolls
  A skeletal warrior (D:7)
  A flayed ghost (Depths:2)
  An unseen horror (D:15)
  An orange crystal statue (D:13)
  An infernal demonspawn (Depths:1)
  2 tengu zombies
  A mana viper (shapeshifter) (D:15)
  32 ugly things
  The ghost of komo4ek the Summoner, a novice KoSu of Fedhas (D:8)
  9 necromancers
  2 phantasmal warriors (Depths:2)
  An orc sorcerer (D:15)
  4 deep elf magi
  A fire giant zombie (Depths:2)
  2 manticores
  5 cyclopes
  A sphinx skeleton (Depths:4)
  A salamander (shapeshifter) (Depths:5)
  An elephant (shapeshifter) (Depths:4)
  A titan simulacrum (Depths:4)
  A rust devil (Depths:3)
  3 centaur zombies
  A naga mage (D:15)
  A molten gargoyle (Hell)
  5 smoke demons
  A hellion (Hell)
  2 spriggan zombies (Depths:2)
  An elf zombie (Depths:4)
  A komodo dragon (D:9)
  11 yaktaurs
  An ice devil (Hell)
  A freezing wraith (D:7)
  An efreet (D:15)
  2 red devils
  A hellwing (Depths:1)
  The ghost of komo4ek the Thaumaturge, a novice DEAE of Vehumet (D:6)
  2 guardian mummies (Depths:1)
  4 tengu conjurers
  6 trolls
  6 hornets
  13 slime creatures
  A slime creature (shapeshifter) (Depths:4)
  2 polar bears (D:9)
  A shadow dragon simulacrum (Depths:2)
  A meliai zombie (D:12)
  4 hippogriffs
  A spriggan (shapeshifter) (D:15)
  6 spriggans
  3 wraiths
  12 yaks
  6 air elementals
  A wyvern (D:10)
  9 fire elementals
  16 water elementals
  A ynoxinul (Hell)
  A chaos spawn (Depths:1)
  2 vampire mosquitoes (D:12)
  3 hungry ghosts
  A soldier ant (D:12)
  A water moccasin (D:6)
  2 hell hounds
  Duvessa (D:4)
  2 porcupines (D:8)
  6 orc warriors
  4 ice beasts
  4 sky beasts
  2 phantoms
  2 black bears
  2 necrophages
  An ogre (shapeshifter) (Depths:2)
  3 wolves (D:9)
  The ghost of MDvedh the Poker, an amateur HuCK of Xom (D:3)
  24 ogres
  2 crocodiles (D:8)
  11 centaurs
  4 big kobolds
  18 bullfrogs
  Dowan (D:4)
  2 wyvern skeletons
  2 scorpions
  6 wights
  5 killer bees (D:12)
  2 electric eels (D:9)
  A howler monkey (D:8)
  A bullfrog zombie (D:6)
  8 crimson imps
  A quasit (D:7)
  3 jellies
  Crazy Yiuf (D:2)
  An orc priest (D:5)
  2 bullfrog skeletons
  8 hounds
  9 orc wizards
  2 centaur skeletons
  5 iguanas
  An iron imp (Depths:5)
  9 worker ants
  A killer bee zombie (D:8)
  A centaur simulacrum (D:9)
  A mummy (Depths:1)
  3 hound skeletons
  A worker ant zombie (D:11)
  19 adders
  11 gnolls
  3 shadow imps
  4 white imps (D:9)
  4 ufetubi (D:9)
  An adder zombie (D:8)
  2 adder skeletons
  4 worms
  2 dart slugs
  7 leopard geckos
  39 orcs
  2 ball pythons
  6 bats
  3 giant cockroaches
  6 goblins
  5 hobgoblins
  12 jackals
  4 quokkas
  6 frilled lizards
  A jackal zombie (D:7)
  26 kobolds
  A leopard gecko zombie (D:7)
  A quokka skeleton (D:7)
  5 rats
  A fungus (D:6)
819 creatures vanquished.

Vanquished Creatures (collateral kills)
  2 shadow dragons (Depths:4)
  A stone giant (Depths:2)
  An ettin (Depths:2)
  A two-headed ogre (D:7)
  A redback (shapeshifter) (Depths:2)
  5 orcs (D:7)
  A jackal (D:7)
12 creatures vanquished.

Vanquished Creatures (others)
  2 slime creatures (Depths:4)
  An adder simulacrum (D:9)
  A fungus (D:8)
  13 plants (Depths:4)
17 creatures vanquished.

Grand Total: 848 creatures vanquished

Notes
Turn   | Place    | Note
-------+----------+-------------------------------------------
     0 | D:1      | mopl the Gargoyle Berserker began the quest for the Orb.
     0 | D:1      | Reached XP level 1. HP: 14/14 MP: 1/1
    70 | D:1      | Reached XP level 2. HP: 6/19 MP: 2/2
   744 | D:1      | Reached skill level 4 in Maces & Flails
   752 | D:1      | Reached XP level 3. HP: 16/23 MP: 3/3
   996 | D:2      | Found a hazy altar of Hepliaklqana.
  1014 | D:2      | Found a faded altar of an unknown god.
  1149 | D:2      | Found a glowing golden altar of the Shining One.
  1211 | D:2      | Found a runed door.
  1215 | D:2      | Noticed Crazy Yiuf
  1225 | D:2      | HP: 1/34 [Crazy Yiuf/quarterstaff of chaos (13)]
  1226 | D:2      | Killed Crazy Yiuf
  1226 | D:2      | Reached skill level 5 in Maces & Flails
  1226 | D:2      | Reached XP level 4. HP: 1/28 MP: 1/4
  1690 | D:2      | Reached XP level 5. HP: 29/32 MP: 5/5
  1838 | D:3      | Found an ancient bone altar of Kikubaaqudgha.
  1878 | D:3      | Reached ** piety under Trog
  2165 | D:3      | Found a runed door.
  2165 | D:3      | Noticed an angel
  2166 | D:3      | Found a glowing golden altar of the Shining One.
  2218 | D:3      | Noticed MDvedh's ghost (amateur HuCK)
  2226 | D:3      | Killed MDvedh's ghost
  2226 | D:3      | Reached skill level 6 in Maces & Flails
  2226 | D:3      | Reached XP level 6. HP: 37/37 MP: 6/6
  2641 | D:4      | Noticed a phantom
  2709 | D:4      | Killed a phantom
  2709 | D:4      | Reached skill level 7 in Maces & Flails
  3130 | D:4      | Reached XP level 7. HP: 41/41 MP: 7/7
  3435 | D:4      | Noticed Duvessa
  3455 | D:4      | Killed Duvessa
  3455 | D:4      | Reached skill level 8 in Maces & Flails
  3485 | D:4      | Noticed Dowan
  3521 | D:4      | Killed Dowan
  3626 | D:4      | Found a shimmering altar of Xom.
  3626 | D:4      | Found a sparkling altar of Nemelex Xobeh.
  3679 | D:5      | Entered Level 5 of the Dungeon
  3756 | D:5      | Reached skill level 9 in Maces & Flails
  3938 | D:5      | Reached XP level 8. HP: 25/46 MP: 8/8
  4217 | D:5      | Reached skill level 10 in Maces & Flails
  4344 | D:5      | Reached *** piety under Trog
  4353 | D:5      | Reached skill level 1 in Throwing
  4353 | D:5      | Reached skill level 3 in Armour
  4401 | D:5      | Reached skill level 4 in Fighting
  4688 | D:6      | Reached XP level 9. HP: 48/52 MP: 9/9
  4702 | D:6      | Reached skill level 4 in Armour
  4926 | D:6      | Found a basalt altar of Yredelemnul.
  5033 | D:6      | Reached skill level 5 in Fighting
  5085 | D:6      | Found a hide-covered altar of Uskayaw.
  5090 | D:6      | Reached skill level 2 in Throwing
  5110 | D:6      | Noticed komo4ek's ghost (novice DEAE)
  5124 | D:6      | Killed komo4ek's ghost
  5326 | D:6      | Found a snail-covered altar of Cheibriados.
  5420 | D:7      | Noticed a death knight
  5420 | D:7      | Noticed a freezing wraith
  5420 | D:7      | Noticed a skeletal warrior
  5460 | D:6      | Killed a death knight
  5460 | D:6      | Reached skill level 6 in Fighting
  5460 | D:6      | Reached skill level 11 in Maces & Flails
  5460 | D:6      | Reached skill level 5 in Armour
  5472 | D:6      | Reached skill level 3 in Throwing
  5727 | D:7      | Reached skill level 6 in Armour
  5727 | D:7      | Reached XP level 10. HP: 61/61 MP: 10/10
  5740 | D:7      | Found a staircase to the Ecumenical Temple.
  5892 | D:7      | Killed a skeletal warrior
  5892 | D:7      | Reached skill level 7 in Fighting
  6309 | D:7      | Noticed a cyclops
  6331 | D:7      | Killed a cyclops
  6331 | D:7      | Reached skill level 7 in Armour
  6341 | D:7      | Got a fine granite ring
  6382 | D:7      | Noticed a two-headed ogre
  6438 | D:7      | Killed a two-headed ogre
  6438 | D:7      | Reached skill level 8 in Fighting
  6438 | D:7      | Reached skill level 4 in Throwing
  6446 | D:7      | Reached **** piety under Trog
  6479 | D:7      | Identified the ring "Irphaed" {+Fly rC+} (You took it off a wight on level 7 of the Dungeon)
  6548 | D:7      | Noticed a red ugly thing
  6556 | D:7      | Killed a red ugly thing
  6556 | D:7      | Reached skill level 12 in Maces & Flails
  6593 | D:7      | Found a bloodstained altar of Trog.
  6642 | D:7      | Got a steaming tin ring
  6644 | D:7      | Identified the ring of Viapuw {*Contam rN+++ MR++ EV+1 Stlth-} (You found it on level 7 of the Dungeon)
  6647 | D:7      | Got a twitching bronze ring
  6649 | D:7      | Identified the ring of Luipt {rN+ Int+2} (You found it on level 7 of the Dungeon)
  6680 | D:7      | Reached skill level 8 in Armour
  6686 | D:7      | Noticed a two-headed ogre
  6686 | D:7      | Reached XP level 11. HP: 69/69 MP: 11/11
  6708 | D:7      | Killed a two-headed ogre
  6716 | D:7      | Received a gift from Trog
  6738 | D:7      | Got a brightly glowing lead ring
  6982 | D:7      | Identified the ring of the Mackerel {rElec rF+ rN+ Str+4} (You took it off a gnoll on level 7 of the Dungeon)
  7001 | D:8      | Received a gift from Trog
  7040 | D:8      | Noticed komo4ek's ghost (novice KoSu)
  7090 | D:8      | Killed komo4ek's ghost
  7090 | D:8      | Reached skill level 9 in Fighting
  7165 | D:8      | Reached skill level 5 in Throwing
  7283 | D:8      | Got an encrusted arbalest
  7284 | D:8      | Identified the +6 arbalest of the Foremost Shrikes {elec, rC+} (You found it on level 8 of the Dungeon)
  7762 | D:8      | Reached skill level 9 in Armour
  7976 | D:8      | Found a staircase to the Lair.
  8031 | D:9      | Noticed a two-headed ogre
  8051 | D:9      | Killed a two-headed ogre
  8293 | D:9      | Found an ornate altar of the Wu Jian Council.
  8889 | D:9      | Found an iron altar of Okawaru.
  8942 | D:9      | Reached skill level 10 in Fighting
  8944 | D:9      | Reached ***** piety under Trog
  9069 | D:9      | Found a deep blue altar of Sif Muna.
  9376 | D:10     | Entered Level 10 of the Dungeon
  9399 | D:10     | Reached XP level 12. HP: 77/77 MP: 12/12
  9414 | D:10     | Reached skill level 13 in Maces & Flails
  9845 | D:10     | Found a staircase to the Orcish Mines.
  9912 | D:10     | Reached skill level 10 in Armour
  9945 | D:10     | Received a gift from Trog
 10639 | D:11     | Noticed a two-headed ogre
 10661 | D:11     | Killed a two-headed ogre
 10661 | D:11     | Reached skill level 2 in Dodging
 11006 | D:11     | Reached skill level 6 in Throwing
 11022 | D:11     | Received a gift from Trog
 11062 | D:11     | Got a steaming dire flail {god gift}
 11063 | D:11     | Identified the +7 dire flail "Vatt" {flame, rPois Str+4 Int+2} (Trog gifted it to you on level 11 of the Dungeon)
 11734 | D:12     | Noticed Nessos
 11737 | D:12     | Noticed Nessos
 11737 | D:12     | Nessos changed into Nessos the cyclops
 11747 | D:12     | Killed Nessos the cyclops
 12041 | D:12     | Reached skill level 11 in Fighting
 12106 | D:12     | Noticed an eight-headed hydra
 12110 | D:12     | Killed an eight-headed hydra
 12337 | D:13     | Noticed a two-headed ogre
 12352 | D:13     | Killed a two-headed ogre
 12352 | D:13     | Reached skill level 11 in Armour
 12352 | D:13     | Reached skill level 3 in Dodging
 12567 | D:13     | Noticed a four-headed hydra
 12575 | D:13     | Killed a four-headed hydra
 12575 | D:13     | Reached XP level 13. HP: 84/84 MP: 13/13
 12775 | D:14     | Found a gate to the Vaults.
 12818 | D:14     | Reached skill level 14 in Maces & Flails
 12880 | D:14     | Received a gift from Trog
 12902 | D:14     | Noticed Azrael
 12918 | D:14     | Killed Azrael
 13299 | D:14     | Reached skill level 12 in Fighting
 13422 | D:14     | Found Wenumiro's Antique Weapon Emporium.
 13724 | D:15     | Entered Level 15 of the Dungeon
 13744 | D:15     | Reached skill level 7 in Throwing
 13940 | D:15     | Reached skill level 4 in Dodging
 14030 | D:15     | Reached skill level 12 in Armour
 14232 | D:15     | Found a staircase to the Depths.
 14370 | D:15     | Found an opulent altar of Gozag.
 14387 | D:15     | Received a gift from Trog
 14766 | Depths:1 | Entered Level 1 of the Depths
 14766 | Depths:1 | Noticed a fire dragon
 14777 | D:15     | Killed a fire dragon
 14777 | D:15     | Gained mutation: Your large and strong wings let you fly indefinitely. [Gargoyle growth]
 14777 | D:15     | Reached XP level 14. HP: 64/92 MP: 10/14
 14957 | Depths:1 | Reached skill level 13 in Fighting
 15097 | Depths:1 | Noticed a stone giant
 15229 | Depths:1 | Killed a stone giant
 15310 | Depths:1 | Noticed a tentacled monstrosity
 15426 | Depths:1 | Reached skill level 5 in Dodging
 15470 | Depths:1 | Reached skill level 13 in Armour
 15497 | Depths:1 | Killed a tentacled monstrosity
 15497 | Depths:1 | Reached skill level 15 in Maces & Flails
 15775 | Depths:1 | Noticed a frost giant
 15791 | Depths:1 | Killed a frost giant
 15791 | Depths:1 | Reached skill level 8 in Throwing
 15792 | Depths:1 | Found Estrevom's Food Shoppe.
 15793 | Depths:1 | Noticed a sphinx
 15795 | Depths:1 | Noticed a sphinx
 15803 | Depths:1 | Killed a sphinx
 15806 | Depths:1 | Killed a sphinx
 15819 | Depths:1 | Found a gateway to Hell.
 15997 | Depths:1 | Noticed a greater mummy
 16011 | Depths:1 | Killed a greater mummy
 16011 | Depths:1 | Reached XP level 15. HP: 100/100 MP: 3/15
 16439 | Depths:1 | Noticed a greater mummy
 16457 | Depths:1 | Killed a greater mummy
 16457 | Depths:1 | Reached skill level 14 in Fighting
 16689 | Depths:1 | Reached skill level 14 in Armour
 16726 | Depths:1 | Found a one-way gate leading to the halls of Pandemonium.
 16745 | Depths:1 | HP: 7/150 [sun demon (11)]
 16746 | Depths:1 | Reached skill level 6 in Dodging
 17089 | Depths:1 | Received a gift from Trog
 18043 | Depths:1 | Received a gift from Trog
 18424 | Depths:2 | Reached skill level 16 in Maces & Flails
 18735 | Depths:2 | Received a gift from Trog
 18821 | Depths:2 | Reached skill level 9 in Throwing
 18835 | Depths:2 | Reached XP level 16. HP: 89/107 MP: 9/16
 19133 | Depths:2 | Reached skill level 15 in Fighting
 19175 | Depths:2 | Received a gift from Trog
 19439 | Depths:2 | Identified a scroll of acquirement
 19441 | Depths:2 | Got a crude buckler
 19450 | Depths:2 | Identified the +0 buckler of Evolution {MP+9} (You acquired it on level 2 of the Depths)
 19682 | Depths:1 | Reached skill level 15 in Armour
 19745 | Depths:2 | Noticed a tentacled monstrosity
 19759 | Depths:2 | Killed a tentacled monstrosity
 19762 | Depths:2 | Received a gift from Trog
 20234 | Depths:1 | Received a gift from Trog
 20234 | Depths:1 | Reached skill level 7 in Dodging
 20535 | Depths:2 | Noticed a storm dragon
 20549 | Depths:2 | Killed a storm dragon
 20907 | Depths:2 | Received a gift from Trog
 21150 | Depths:2 | Reached XP level 17. HP: 76/115 MP: 11/17
 21429 | Depths:2 | Noticed a golden dragon
 21440 | Depths:2 | Killed a golden dragon
 21440 | Depths:2 | Reached skill level 16 in Fighting
 21440 | Depths:2 | Reached skill level 17 in Maces & Flails
 22077 | Depths:2 | Reached skill level 16 in Armour
 22123 | Depths:2 | Reached skill level 10 in Throwing
 22344 | Depths:2 | Noticed a sphinx
 22854 | Depths:2 | Killed a sphinx
 23115 | Depths:3 | Reached skill level 8 in Dodging
 23946 | Depths:3 | Reached XP level 18. HP: 33/122 MP: 5/18
 24219 | Depths:3 | Found a shadowy altar of Dithmenos.
 24528 | Depths:3 | Received a gift from Trog
 24596 | Depths:3 | Found a one-way gate to the infinite horrors of the Abyss.
 26296 | Depths:3 | Noticed a quicksilver dragon
 26300 | Depths:3 | Reached skill level 17 in Fighting
 26310 | Depths:3 | Killed a quicksilver dragon
 26310 | Depths:3 | Received a gift from Trog
 26348 | Depths:3 | Noticed a tentacled monstrosity
 26364 | Depths:3 | Killed a tentacled monstrosity
 26537 | Depths:3 | Got an iridescent war axe {speed}
 26542 | Depths:3 | Identified the +7 war axe "Xeag" {speed, -Tele rN+++ Int+3 Dex-5} (You took it off a vampire knight on level 3 of the Depths)
 26606 | Depths:3 | Received a gift from Trog
 26606 | Depths:3 | Reached skill level 17 in Armour
 26664 | Depths:3 | Reached skill level 18 in Maces & Flails
 26751 | Depths:4 | Found a hide-covered altar of Uskayaw.
 26751 | Depths:4 | Noticed a caustic shrike
 26751 | Depths:4 | Noticed a caustic shrike
 26779 | Depths:3 | Killed a caustic shrike
 27095 | Depths:3 | Killed a caustic shrike
 27464 | Depths:4 | Noticed a bone dragon
 27472 | Depths:4 | Noticed a bone dragon
 27473 | Depths:4 | Noticed a caustic shrike
 27474 | Depths:4 | Killed a bone dragon
 27487 | Depths:4 | Killed a caustic shrike
 27496 | Depths:4 | Killed a bone dragon
 27637 | Depths:2 | Reached skill level 11 in Throwing
 27637 | Depths:2 | Reached XP level 19. HP: 61/129 MP: 5/19
 27851 | Depths:3 | Received a gift from Trog
 28227 | Depths:4 | Reached skill level 9 in Dodging
 28507 | Depths:4 | Found a corrupted altar of Lugonu.
 28814 | Depths:3 | Received a gift from Trog
 29107 | Depths:4 | Reached skill level 18 in Fighting
 29132 | Depths:4 | Received a gift from Trog
 29166 | Depths:4 | HP: 5/130 [frost giant/bolt of cold (16)]
 29791 | Depths:4 | Reached skill level 18 in Armour
 30304 | Depths:4 | Found a gateway to a ziggurat.
 30326 | Depths:5 | Entered Level 5 of the Depths
 30374 | Depths:5 | Received a gift from Trog
 30475 | Depths:5 | Reached skill level 1 in Evocations
 30752 | Depths:5 | Noticed a golden dragon
 30774 | Depths:5 | Killed a golden dragon
 31035 | Depths:5 | Found a gate to the Realm of Zot.
 31099 | Depths:5 | Reached skill level 2 in Evocations
 31339 | Depths:5 | Found Jesm's Gadget Boutique.
 31341 | Depths:5 | Found Ateim's Jewellery Shoppe.
 31342 | Depths:5 | Found Ziapom's Gadget Boutique.
 31370 | Depths:5 | Reached XP level 20. HP: 124/137 MP: 17/21
 31374 | Depths:5 | Reached skill level 19 in Maces & Flails
 32068 | Depths:5 | Noticed Margery
 32084 | Depths:5 | Killed Margery
 32227 | Depths:5 | Received a gift from Trog
 32368 | Depths:5 | Noticed Boris
 32398 | Depths:5 | Killed Boris
 32398 | Depths:5 | Reached skill level 3 in Evocations
 32728 | Hell     | Entered the Vestibule of Hell
 32728 | Hell     | Noticed Geryon
 33195 | Hell     | HP: 4/137 [hell beast[Geryon] (7)]
 33247 | Hell     | Killed from afar by a smoke demon

Skill      XL: |  1  2  3  4  5  6  7  8  9 10 11 12 13 14 15 16 17 18 19 20 |
---------------+-------------------------------------------------------------+-----
Maces & Flails | 4 5 6 7 9 10 11 12 13 14 15 16 17 18 19 | 19.3
Throwing       | 1 3 4 5 6 7 8 9 10 11 | 11.7
Armour         | 3 6 8 9 11 12 13 14 15 16 17 18 | 18.6
Fighting       | 4 6 8 10 11 12 13 14 15 16 17 18 | 18.8
Dodging        | 3 4 5 6 7 8 9 |  9.8
Evocations     | 2 3 |  3.3

Action                   |  1- 3 |  4- 6 |  7- 9 | 10-12 | 13-15 | 16-18 | 19-21 || total
-------------------------+-------+-------+-------+-------+-------+-------+-------++-------
Melee: Mace              |    80 |       |       |       |       |       |       ||    80
       Spear             |    23 |   180 |   307 |       |       |       |       ||   510
       Flail             |       |       |     7 |   744 |       |       |       ||   751
       Dire flail        |       |       |       |   191 |   700 |  1115 |   701 ||  2707
       Morningstar       |       |       |       |    90 |       |       |       ||    90
       Great mace        |       |       |       |       |       |     9 |    12 ||    21
Throw: Stone             |       |       |     4 |     3 |     4 |       |       ||    11
       Tomahawk          |       |       |       |       |       |     2 |    12 ||    14
       Javelin           |       |       |       |       |       |       |    13 ||    13
Invok: Berserk           |     1 |     3 |     6 |    13 |    10 |    18 |     8 ||    59
       Trog's Hand       |       |       |     1 |     2 |     5 |     3 |     9 ||    20
       Burn Spellbooks   |       |       |     1 |     3 |     5 |     2 |     1 ||    12
       Brothers in Arms  |       |       |       |     1 |     1 |     4 |     1 ||     7
 Abil: Fly               |       |       |       |       |     1 |     2 |     1 ||     4
       Stop Flying       |       |       |       |       |       |     3 |       ||     3
Evoke: Wand              |       |       |       |     1 |       |     1 |       ||     2
  Use: Scroll            |       |       |     2 |    18 |       |    13 |     6 ||    39
       Potion            |       |       |       |       |       |       |     9 ||     9
 Stab: Sleeping          |       |       |       |       |       |     1 |     1 ||     2
       Distracted        |       |       |       |       |       |       |     2 ||     2
  Eat: Chunk             |     1 |     9 |    10 |    31 |    25 |    21 |    17 ||   114
       Ration            |       |       |     2 |     2 |     2 |     8 |     5 ||    19
Armor: Animal skin       |    40 |       |       |       |       |       |       ||    40
       Ring mail         |     2 |    60 |    29 |       |       |       |       ||    91
       Chain mail        |       |       |   151 |   100 |       |       |       ||   251
       Plate armour      |       |       |       |   728 |   477 |   128 |       ||  1333
       Storm dragon scal |       |       |       |       |       |   537 |       ||   537
       Shadow dragon sca |       |       |       |       |       |    92 |   523 ||   615
Dodge: Dodged            |    69 |    84 |   125 |   484 |   268 |   512 |   441 ||  1983
